 Dungeon Crawl Stone Soup version 0.29-a0-920-g5d2155ec51 (webtiles) character file.

Game seed: 13990520754250236523

10998 Querens the Protected (level 12, -3/95 HPs)
             Began as a Meteoran Fighter on July 27, 2022.
             Was the Champion of Makhleb.
             Slain by a skeletal warrior
             ... wielding a +1 scimitar of flaming
              (10 damage)
             ... on level 11 of the Dungeon.
             The game lasted 00:27:45 (6430 turns).

Querens the Protected (Meteoran Fighter)            Turns: 6430, Time: 00:27:46

Health: -3/95      AC: 18    Str: 22    XL:     12   Next: 28%
Magic:  0/20       EV: 11    Int: 12    God:    Makhleb [******]
Gold:   205        SH:  6    Dex: 13    Spells: 11/11 levels left

rFire   + . .      SeeInvis .   f - +2 war axe (elec)
rCold   . . .      Faith    .   c - +0 buckler
rNeg    . . .      Spirit   +   Y - +0 plate armour
rPois   .          Reflect  .   (no helmet)
rElec   .          Harm     .   h - +0 cloak
rCorr   .          Rampage  .   (no gloves)
Will    +....                   Q - +1 pair of boots
Stlth   ..........              e - amulet of guardian spirit
HPRegen 0.25/turn               s - +4 ring of evasion
MPRegen 0.17/turn               w - ring of protection from fire

@: glowing
A: sense surroundings 2, otherworldly, glowing, explore regen, frail 1
a: Renounce Religion, Minor Destruction, Lesser Servant of Makhleb, Major
Destruction, Greater Servant of Makhleb


You were on level 11 of the Dungeon.
You worshipped Makhleb.
Makhleb was exalted by your worship.
You visited 1 branch of the dungeon, and saw 11 of its levels.
You also visited: Ossuary.

You collected 672 gold pieces.
You spent 467 gold pieces at shops.

Inventory:

Hand Weapons
 f - a +2 war axe of electrocution (weapon)
Missiles
 j - a throwing net (quivered)
 R - 2 curare-tipped darts
Armour
 c - a +0 buckler (worn)
 h - a +0 cloak (worn)
 q - the +2 ring mail of the Clam {Stlth+}
   (You found it on level 7 of the Dungeon)

   Stlth:     It makes you more stealthy.
 y - a +3 leather armour of fire resistance
 H - a +2 leather armour of poison resistance
 Q - a +1 pair of boots (worn)
 W - +0 acid dragon scales
 Y - a +0 plate armour (worn)
Magical Staves
 J - a staff of conjuration
Jewellery
 b - a ring of flight
 e - an amulet of guardian spirit (around neck)
 s - a +4 ring of evasion (left hand)
 t - a ring of ice
 w - a ring of protection from fire (right hand)
 G - a ring of willpower
 P - an amulet of the acrobat
 U - a ring of protection from cold
Wands
 r - a wand of polymorph (5)
 F - a wand of mindburst (4)
 N - a wand of iceblast (8)
 V - a wand of charming (6)
Scrolls
 i - 4 scrolls of poison
 l - a scroll of teleportation
 m - 4 scrolls of magic mapping
 o - 2 scrolls of enchant armour {unknown}
 B - 5 scrolls of immolation
 I - 3 scrolls of blinking
 K - 3 scrolls of butterflies {unknown}
 L - a scroll of fear {unknown}
 S - a scroll of vulnerability {unknown}
 T - a scroll of torment {unknown}
 X - 2 scrolls of brand weapon
 Z - a scroll of enchant weapon {unknown}
Potions
 d - a potion of might
 g - 2 potions of invisibility
 k - a potion of magic {unknown}
 n - 6 potions of curing
 p - a potion of heal wounds {unknown}
 u - 3 potions of mutation {unknown}
 v - 4 potions of flight
 x - 3 potions of attraction
 z - 2 potions of degeneration
 A - 3 potions of cancellation {unknown}
 C - a potion of lignification {unknown}
 D - a potion of berserk rage {unknown}
 E - a potion of haste {unknown}
 M - 2 potions of brilliance {unknown}
 O - a potion of resistance {unknown}


   Skills:
 + Level 9.8 Fighting
 + Level 10.3 Axes
 + Level 10.7 Armour
 + Level 10.6 Shields
 + Level 9.7 Invocations


You had 11 spell levels left.
You didn't know any spells.
Your spell library contained the following spells:

 Spells                   Type           Power      Damage    Failure   Level
 Static Discharge         Conj/Air       0%         3-3/arc   100%        2
 Hailstorm                Conj/Ice       0%         3d3       100%        4
 Ice Form                 Ice/Tmut       0%         N/A       100%        4
 Lightning Bolt           Conj/Air       0%         1d11      100%        5
 Simulacrum               Ice/Necr       0%         N/A       100%        6
 Maxwell's Capacitive Co  Air            0%         ∞         100%        8


Dungeon Overview and Level Annotations

Branches:
Dungeon (11/15) Zot: 497   Temple (0/1) D:7            Lair (0/5) D:10
Ossuary (visited)
    Orc: D:9-12

Altars:
Fedhas
Gozag
Kikubaaqudgha
Makhleb
Xom
Zin

Shops:
D:1 [   D:2 ?   D:10 *   D:11 (

Annotations:
D:3 2 runed translucent doors, Crazy Yiuf; feamirim's ghost, amateur DgFi
D:11 1 runed translucent door, TheBestFelid's ghost, novice FeAE


Innate Abilities, Weirdness & Mutations

You passively map the area around you.
You are easily found by Zot.
You glow in the dark.
You regain HP and MP as you explore.
You are frail. (-10% HP)


Message History

You block the skeletal warrior's attack.
The skeletal warrior hits you with a +1 scimitar of flaming!
The skeletal warrior burns you.
Unknown command.
Unknown command.
You closely miss the skeletal warrior.
The skeletal warrior is almost destroyed.
You hit the skeletal warrior.
The skeletal warrior hits you with a +0 scimitar!!
* * * LOW HITPOINT WARNING * * *
The skeletal warrior hits you with a +1 scimitar of flaming.
* * * LOW HITPOINT WARNING * * *
Unknown command.
The skeletal warrior attacks as you move away!
The skeletal warrior barely misses you.
The skeletal warrior attacks as you move away!
You block the skeletal warrior's attack.
You hit the skeletal warrior but do no damage.
The skeletal warrior is almost destroyed.
You hit the skeletal warrior but do no damage.
Lightning courses through the skeletal warrior!
You destroy the skeletal warrior!
Makhleb accepts your kill.
You feel better.
The skeletal warrior hits you with a +1 scimitar of flaming!
* * * LOW HITPOINT WARNING * * *
The skeletal warrior burns you.
You closely miss the skeletal warrior.
The skeletal warrior is almost destroyed.
The skeletal warrior hits you with a +1 scimitar of flaming!
* * * LOW HITPOINT WARNING * * *
The skeletal warrior burns you.
Unknown command.
The skeletal warrior attacks as you move away!
The skeletal warrior hits you with a +1 scimitar of flaming.
* * * LOW HITPOINT WARNING * * *
Okay, then.
The skeletal warrior attacks as you move away!
The skeletal warrior hits you with a +1 scimitar of flaming!
You die...

≈ ≈ , * , , ,, ≈ ≈ ≈
≈.#.#.#........# ,,, ≈
≈≈≈≈≈≈≈....≈.....≈..# ,, ≈≈ ≈
≈≈≈.≈≈≈≈≈≈≈≈≈≈≈≈≈.≈≈≈, ≈≈
≈*#..≈≈≈≈≈≈≈≈≈≈≈≈≈≈≈≈≈ ≈ ≈ ≈ *≈
+..≈≈.≈≈≈≈≈≈≈≈≈≈≈≈≈≈
#######.......≈≈≈≈≈≈≈≈≈≈≈≈
......#........≈.≈≈≈≈≈.≈#≈ ≈
................@z)....... ≈ ,
....................##+### , ,,
...............#+#.......# *
..........##...# #.....#.# ,
..........##...#+#..#....# # #
......<###..........#....# .##..
.......###..........#....##.....
.......#.....................# ,
.......#.....................#


You could see a skeletal warrior.

Vanquished Creatures
  Fannar (D:10)
  2 two-headed ogres (D:10)
  A skeletal warrior (D:11)
  An ugly thing (D:11)
  Maggie (D:9)
  2 kobold demonologists (D:10)
  A troll (D:10)
  13 yaks
  A wraith (D:9)
  Edmund (D:5)
  Menkaure (Ossuary)
  A water moccasin (D:5)
  4 black bears
  A sky beast (D:7)
  5 orc warriors
  2 ogres
  A tengu (D:4)
  3 centaurs
  A phantom (D:5)
  5 kobold brigands
  6 bullfrogs
  A necrophage (D:4)
  3 scorpions
  2 elf skeletons (D:5)
  4 wights (D:7)
  6 killer bees (D:9)
  2 howler monkeys
  2 jellies
  5 hounds
  A human zombie (D:5)
  8 orc priests
  3 iguanas
  13 orc wizards
  3 mummies (Ossuary)
  8 gnolls
  3 adders
  A shadow imp (D:8)
  3 white imps
  2 ufetubi
  A worm (D:3)
  3 dart slugs
  54 orcs
  8 ball pythons
  5 bats
  8 endoplasms
  3 giant cockroaches
  2 gnoll zombies (Ossuary)
  8 hobgoblins
  3 jackals (D:5)
  7 quokkas
  3 frilled lizards (D:1)
  12 goblins
  5 goblin skeletons (Ossuary)
  3 goblin zombies (Ossuary)
  6 hobgoblin skeletons (Ossuary)
  6 hobgoblin zombies (Ossuary)
  8 kobolds
  3 kobold skeletons (Ossuary)
  9 orc skeletons
  7 orc zombies (Ossuary)
  3 rats
  5 rat skeletons (Ossuary)
  7 rat zombies (Ossuary)
303 creatures vanquished.

Vanquished Creatures (collateral kills)
  A skeletal warrior (D:10)
1 creature vanquished.

Vanquished Creatures (others)
  7 fungi (D:10)
  13 plants (D:10)
20 creatures vanquished.

Grand Total: 324 creatures vanquished

Notes
Turn   | Place    | Note
-------+----------+-------------------------------------------
     0 | D:1      | Querens the Meteoran Fighter began the quest for the Orb.
     0 | D:1      | Reached XP level 1. HP: 19/19 MP: 2/2
    67 | D:1      | Reached XP level 2. HP: 26/26 MP: 3/3
   201 | D:1      | Found Beic's Antique Armour Emporium.
   253 | D:1      | Reached XP level 3. HP: 22/31 MP: 4/4
   820 | D:2      | Found a burning altar of Makhleb.
   828 | D:2      | Became a worshipper of Makhleb the Destroyer
   848 | D:2      | Found Feynt's Magic Scroll Shoppe.
   888 | D:2      | Reached XP level 4. HP: 40/40 MP: 5/5
  1061 | D:2      | Glimpsed the power of Zot.
  1111 | D:2      | Glimpsed the power of Zot.
  1151 | D:2      | Glimpsed the power of Zot.
  1161 | D:2      | Touched by the power of Zot.
  1201 | D:3      | Found a runed translucent door.
  1204 | D:3      | Noticed feamirim's ghost (amateur DgFi)
  1676 | D:3      | Found a runed translucent door.
  1677 | D:3      | Noticed Crazy Yiuf
  1787 | D:4      | Reached XP level 5. HP: 32/33 MP: 6/6
  1790 | D:4      | Reached * piety under Makhleb
  1842 | D:4      | Reached XP level 6. HP: 26/46 MP: 3/7
  1848 | D:4      | Found a blossoming altar of Fedhas.
  1937 | D:4      | Reached skill level 5 in Armour
  1937 | D:4      | Reached skill level 5 in Shields
  1945 | D:4      | Noticed an ogre
  1952 | D:4      | Killed an ogre
  1953 | D:4      | Reached XP level 7. HP: 27/60 MP: 3/8
  2003 | D:4      | Noticed an acid dragon
  2073 | D:4      | Reached skill level 5 in Fighting
  2088 | D:4      | an acid dragon changed into a tengu
  2235 | D:5      | Entered Level 5 of the Dungeon
  2247 | D:5      | Reached skill level 5 in Axes
  2254 | D:5      | Reached ** piety under Makhleb
  2259 | D:5      | Reached XP level 8. HP: 58/68 MP: 9/9
  2288 | D:5      | Noticed Edmund
  2305 | D:5      | Killed Edmund
  2306 | D:5      | Reached skill level 1 in Invocations
  2572 | D:5      | Found a sand-covered staircase.
  2605 | Ossuary  | Entered an ossuary
  2718 | Ossuary  | Reached *** piety under Makhleb
  2877 | Ossuary  | Noticed Menkaure
  2889 | Ossuary  | Killed Menkaure
  3027 | D:5      | Gained mutation: You passively map the area around you.
                  | [Meteoran growth]
  3027 | D:5      | Reached XP level 9. HP: 69/75 MP: 12/12
  3150 | D:5      | Reached **** piety under Makhleb
  3305 | D:5      | Glimpsed the power of Zot.
  3477 | D:6      | Found a glowing silver altar of Zin.
  3477 | D:6      | Noticed an angel
  3669 | D:6      | Found an opulent altar of Gozag.
  3802 | D:6      | Found an ancient bone altar of Kikubaaqudgha.
  3892 | D:6      | Glimpsed the power of Zot.
  3942 | D:6      | Glimpsed the power of Zot.
  3965 | D:7      | Found a staircase to the Ecumenical Temple.
  4023 | D:7      | Identified the +2 ring mail of the Clam {Stlth+}
  4079 | D:7      | Reached skill level 5 in Invocations
  4131 | D:7      | Reached ***** piety under Makhleb
  4214 | D:7      | Reached XP level 10. HP: 38/78 MP: 5/15
  5226 | D:9      | Reached XP level 11. HP: 94/94 MP: 17/17
  5482 | D:9      | Noticed Maggie
  5488 | D:9      | Killed Maggie
  5636 | D:9      | Glimpsed the power of Zot.
  5642 | D:10     | Entered Level 10 of the Dungeon
  5712 | D:10     | Noticed a two-headed ogre
  5717 | D:10     | Killed a two-headed ogre
  5760 | D:10     | Found Pustroan's General Store.
  5768 | D:10     | Bought a potion of curing for 36 gold pieces
  5768 | D:10     | Bought a scroll of blinking for 90 gold pieces
  5768 | D:10     | Bought a scroll of brand weapon for 114 gold pieces
  5840 | D:10     | Noticed a sun demon
  5841 | D:10     | Noticed a soul eater
  5849 | D:10     | Reached skill level 10 in Armour
  5906 | D:10     | Noticed a two-headed ogre
  5919 | D:10     | Killed a two-headed ogre
  5920 | D:10     | Reached skill level 10 in Shields
  6007 | D:10     | Gained mutation: You are frail. (-10% HP) [a neqoxec]
  6009 | D:10     | Noticed Fannar
  6025 | D:10     | Reached ****** piety under Makhleb
  6131 | D:10     | Found a staircase to the Lair.
  6202 | D:10     | Killed Fannar
  6203 | D:10     | Reached skill level 10 in Axes
  6203 | D:10     | Reached XP level 12. HP: 53/94 MP: 12/19
  6230 | D:10     | Glimpsed the power of Zot.
  6278 | D:10     | Glimpsed the power of Zot.
  6279 | D:11     | Noticed a skeletal warrior
  6279 | D:11     | Noticed a skeletal warrior
  6279 | D:11     | Noticed a skeletal warrior
  6279 | D:11     | Found Rewuotyll's Weapon Emporium.
  6291 | D:10     | Killed a skeletal warrior
  6359 | D:11     | Found a runed translucent door.
  6370 | D:11     | Found a shimmering altar of Xom.
  6370 | D:11     | Noticed TheBestFelid's ghost (novice FeAE)
  6370 | D:11     | Noticed a +2 dire flail of chaos
  6398 | D:11     | Bought a +2 war axe of electrocution for 227 gold pieces
  6427 | D:11     | Killed a skeletal warrior
  6430 | D:11     | Slain by a skeletal warrior

Illustrated notes

Levels and vault maps discovered:
D:1:      dpeg_arrival_rhombus, layout_rooms, serial_shops,
          nicolae_shop_behind_doors
D:2:      layout_basic, serial_shops, nicolae_shop_trees, basic_altar,
          nicolae_underground_beach
D:3:      layout_loops_ring, ebering_ghost_sewer_d, uniq_crazy_yiuf_cottage
D:4:      minmay_clustersquares, layout_rooms, kennysheep_little_box,
          kennysheep_generic_room_6
D:5:      layout_basic, nicolae_ossuary_entry_catacombs,
          minmay_fractal_squares_5, uniq_edmund
D:6:      layout_basic, mainiacjoe_overflow_concentric_impassable, zin_angel,
          grunt_gozag_statues
D:7:      layout_rooms, minmay_temple_entry_crystal_x
D:8:      layout_loops_cross, special_room [special_room_orc]
D:9:      layout_basic, uniq_maggie
D:10:     layout_basic, grunt_lair_entry_orc_guard_hut, serial_shops,
          nicolae_shop_stone, lemuel_old_faithful, uniq_fannar
D:11:     layout_basic, serial_shops, nicolae_shop_crystal, ebering_ghost_xom,
          gauntlet_entry_generic, minmay_tree_intersection

Skill      XL: |  1  2  3  4  5  6  7  8  9 10 11 |
---------------+----------------------------------+-----
Armour         | 4 5 6 7 9 10 | 10.7
Shields        | 4 5 6 7 9 10 | 10.6
Axes           | 3 4 5 6 7 8 10 | 10.3
Fighting       | 4 5 6 7 8 9 |  9.8
Invocations    | 3 5 7 9 |  9.7

Action                   |  1- 3 |  4- 6 |  7- 9 | 10-12 || total
-------------------------+-------+-------+-------+-------++-------
Melee: War axe           |    83 |   119 |   472 |   491 ||  1165
Throw: Dart              |       |     1 |     3 |     9 ||    13
Invok: Lesser Servant of |       |       |       |     1 ||     1
Evoke: Wand              |       |       |     1 |    13 ||    14
  Use: Scroll            |       |       |     8 |     3 ||    11
       Potion            |       |       |       |     1 ||     1
 Stab: Distracted        |       |       |       |     1 ||     1
Armor: Scale mail        |    60 |    57 |    45 |       ||   162
       Leather armour    |       |       |   120 |       ||   120
       Ring mail         |       |       |    34 |   160 ||   194
       Plate armour      |       |       |       |    81 ||    81
Dodge: Dodged            |    41 |    53 |   256 |   248 ||   598
Block: Buckler           |    29 |    36 |   125 |   115 ||   305

Table legend: (Time is in decaauts)
 A = Elapsed time spent in this place.
 B = Non-inter-level travel time spent in this place.
 C = Inter-level travel time spent in this place.
 D = Time resting spent in this place.
 E = Time spent auto-exploring this place.
 F = Levels seen in this place.
 G = Mean time per level.
                   A        B        C        D        E       F      G
               +--------+--------+--------+--------+--------+-----+--------+
         Total |   6667 |   6177 |    490 |      0 |      0 |  12 |  555.6 |
       Dungeon |   6302 |   5812 |    490 |      0 |      0 |  11 |  572.9 |
       Ossuary |    365 |    365 |      0 |      0 |      0 |   1 |  365.0 |
               +--------+--------+--------+--------+--------+-----+--------+

Top non-repeatable levels by time:
     D:5: 810 daAuts
     D:2: 790 daAuts
    D:10: 704 daAuts
     D:9: 667 daAuts
     D:3: 624 daAuts
     D:6: 614 daAuts
     D:8: 603 daAuts
     D:4: 501 daAuts
     D:7: 481 daAuts
     D:1: 410 daAuts
 Ossuary: 365 daAuts
    D:11: 92 daAuts
